 Dungeon Crawl Stone Soup version 0.31-a0-692-gf03d1854d5 (webtiles) character file.

Game seed: 16786183452465404408

19140 qw the Marksgargoyle (level 12, -5/77 HPs)
             Began as a Gargoyle Hunter on Sept 6, 2023.
             Was a High Priest of Okawaru.
             Slain by an eight-headed hydra (6 damage)
             ... on level 4 of the Lair of Beasts.
             The game lasted 00:05:55 (12074 turns).

qw the Marksgargoyle (Gargoyle Hunter)             Turns: 12074, Time: 00:05:55

Health: -5/77      AC: 26    Str: 14    XL:     12   Next: 65%
Magic:  18/19      EV: 20    Int: 12    God:    Okawaru [*****.]
Gold:   916        SH:  0    Dex: 17    Spells: 11/11 levels left

rFire   . . .        Y - +1 orcbow
rCold   . . .        (shield currently unavailable)
rNeg    + . .        i - +0 ring mail
rPois   inf          b - +2 helmet
rElec   +            (no cloak)
rCorr   .            q - +1 pair of gloves
SInv    .            (no boots)
Will    .....        m - amulet of faith
Stlth   +++          k - +5 ring of evasion
HPRegen 0.32/turn    d - +4 ring of protection
MPRegen 0.16/turn

%: faith
@: about to teleport, heroic
A: sickness immunity, AC +8, negative energy resistance 1, electricity
resistance, torment resistance 1, petrification resistance
a: Renounce Religion, Heroism, Finesse, Duel


You were on level 4 of the Lair of Beasts.
You worshipped Okawaru.
Okawaru was extremely pleased with you.
You visited 3 branches of the dungeon, and saw 13 of its levels.

You collected 916 gold pieces.


Innate Abilities, Weirdness & Mutations

You are immune to sickness and miasma.
Your stone body is resilient. (AC +8)
You are immune to poison.
You resist negative energy. (rN+)
You are resistant to electric shocks. (rElec)
You are resistant to unholy torment.
You are immune to petrification.


   Skills:
 - Level 10.0(15.0) Fighting
 + Level 15.2(20.2) Ranged Weapons
 - Level 5.3(10.3) Armour
 - Level 4.0(9.0) Dodging
 - Level 1.1(6.1) Stealth
 - Level 10.0 Invocations


You had 11 spell levels left.
You didn't know any spells.
Your spell library was empty.

Inventory:

Hand Weapons
 Y - a +1 orcbow (weapon)
Armour
 b - a +2 helmet (worn)
 i - a +0 ring mail (worn)
 q - a +1 pair of gloves (worn)
Jewellery
 d - a +4 ring of protection (right hand)
 k - a +5 ring of evasion (left hand)
 m - an amulet of faith (around neck)
 r - a ring of protection from fire
Scrolls
 a - a scroll of identify
 g - 2 scrolls of teleportation
Potions
 c - a potion of might
 e - a potion of cancellation
 h - 4 potions of heal wounds
 j - a potion of enlightenment
 l - 4 potions of curing
 n - a potion of haste
 p - a potion of ambrosia {unknown}
 s - a potion of mutation {unknown}

Dungeon Overview and Level Annotations

Branches:
Dungeon (8/15)             Temple (1/1) D:5            Lair (4/5) D:8
 Shoals (0/4) Lair:3        Snake (0/4) Lair:3
  Slime: Lair:4-5

Altars:
Ashenzari
Cheibriados
Dithmenos
Elyvilon
Fedhas
Gozag
Hepliaklqana
Kikubaaqudgha
Makhleb
Nemelex Xobeh
Okawaru
Qazlal
Ru
Sif Muna
Trog
Uskayaw
Vehumet
Wu Jian
Xom
Yredelemnul
Zin
The Shining One

Shops:
D:8 (

Annotations:
D:4 2 transporters


Message History

The eight-headed hydra completely misses you. x2
The eight-headed hydra bites you but does no damage.
You shoot an arrow.
The arrow barely misses the eight-headed hydra.
The eight-headed hydra closely misses you.
The eight-headed hydra bites you but does no damage. x2
The eight-headed hydra bites you!
The eight-headed hydra bites you but does no damage.
The eight-headed hydra barely misses you.
The eight-headed hydra completely misses you.
The eight-headed hydra misses you.
You shoot an arrow. The arrow hits the eight-headed hydra.
The eight-headed hydra is lightly wounded.
The eight-headed hydra barely misses you.
The eight-headed hydra misses you.
The eight-headed hydra completely misses you.
The eight-headed hydra bites you but does no damage. x2
The eight-headed hydra closely misses you.
The eight-headed hydra misses you.
The eight-headed hydra closely misses you.
You shoot an arrow. The arrow hits the eight-headed hydra.
The eight-headed hydra is lightly wounded.
You shoot an arrow. The arrow hits the eight-headed hydra!
The eight-headed hydra is moderately wounded.
The eight-headed hydra completely misses you.
The eight-headed hydra bites you.
The eight-headed hydra barely misses you.
The eight-headed hydra bites you but does no damage. x2
The eight-headed hydra bites you.
The eight-headed hydra bites you but does no damage.
The eight-headed hydra bites you!
12074 ||| READING 3 scrolls of teleportation.
As you read the scroll of teleportation, it crumbles to dust.
You feel strangely unstable.
The eight-headed hydra bites you but does no damage. x2
The eight-headed hydra bites you.
The eight-headed hydra barely misses you.
The eight-headed hydra closely misses you.
The eight-headed hydra bites you.
You die...

##.........>................. .
#....................... .... .
##..#.###..###...##.###. #
#..### #### ###.#### #..# ##..##
# ## #..#####
###..#.#.##########.
##..#...#####.#.................
#...............................
##.............@D...............
#.###.P.#.##.##................
#. ########## .##.............
.. .# ............. .#. ..
............. ###. ..
........[.... #.
..##.###.P...... #### ####..###
...


You could see an eight-headed hydra.

Vanquished Creatures
  3 hydras
  Erica (D:8)
  A boulder beetle (D:8)
  A two-headed ogre (D:7)
  3 death yaks (Lair:3)
  3 elephants (Lair:1)
  2 black mambas
  Jeremiah (D:7)
  4 cane toads
  4 komodo dragons
  A kobold demonologist (D:8)
  A rime drake (Lair:4)
  A hornet (D:8)
  A troll (D:8)
  8 blink frogs
  4 wyverns
  14 yaks
  A basilisk (Lair:2)
  3 nagas (Lair:3)
  7 water moccasins
  Duvessa (D:7)
  2 sky beasts (D:7)
  2 black bears
  2 ice beasts
  2 ogres (D:5)
  2 centaurs
  A phantom (D:4)
  9 bullfrogs
  2 kobold brigands (D:7)
  2 scorpions
  10 wights
  Dowan (D:7)
  3 howler monkeys (D:8)
  4 jellies
  4 orc priests
  6 hounds
  Jessica (D:2)
  2 sleepcaps
  Ijyb (D:3)
  Natasha (D:2)
  Terence (D:2)
  5 iguanas
  3 orc wizards
  8 gnolls
  11 adders
  2 shadow imps
  2 white imps
  4 worms
  3 dart slugs
  14 orcs
  4 ball pythons
  11 endoplasms
  4 giant cockroaches
  5 hobgoblins
  2 jackals (D:3)
  8 quokkas
  10 bats
  2 frilled lizards
  11 goblins
  5 kobolds
  9 rats
246 creatures vanquished.

Vanquished Creatures (others)
  An orc wizard (D:5)
1 creature vanquished.

Grand Total: 247 creatures vanquished

Notes
Turn   | Place    | Note
-------+----------+-------------------------------------------
     0 | D:1      | qw the Gargoyle Hunter began the quest for the Orb.
     0 | D:1      | Reached XP level 1. HP: 12/12 MP: 1/1
     0 | D:1      | 0 ||| qw: Version: 0.3-a-76-g4403597
     0 | D:1      | 0 ||| qw: Game counter: 107
     0 | D:1      | 0 ||| qw: Melee chars always use a shield: true
     0 | D:1      | 0 ||| qw: God list: Okawaru
     0 | D:1      | 0 ||| qw: Allow faded altars: false
     0 | D:1      | 0 ||| qw: Do Orc after clearing Dungeon:15 true
     0 | D:1      | 0 ||| qw: Do second Lair branch before Depths: true
     0 | D:1      | 0 ||| qw: Lair rune preference: random
     0 | D:1      | 0 ||| qw: Goals: Normal
     0 | D:1      | 0 ||| PLANNING D:1-11
   120 | D:1      | Reached XP level 2. HP: 17/17 MP: 2/2
   451 | D:1      | Reached XP level 3. HP: 21/21 MP: 3/3
   490 | D:1      | Reached skill level 5 in Ranged Weapons
   714 | D:1      | 714 ||| UPGRADING to +0 helmet.
   719 | D:1      | 719 ||| READING 2 scrolls labelled FEH ELEBYDGH.
   720 | D:1      | 720 ||| READING 2 scrolls labelled UCUYGI YCZE.
   725 | D:1      | 725 ||| READING scroll labelled YXZI ITIAFUHIA.
   726 | D:1      | 726 ||| READING scroll labelled BYMAQADOLU.
   726 | D:1      | Identified a scroll of acquirement
   726 | D:1      | 726 ||| ACQUIRING ring of Puheps {Fly rCorr Stlth+}
   726 | D:1      | Acquired the ring of Puheps {Fly rCorr Stlth+}
   728 | D:1      | 728 ||| UPGRADING to ring of Puheps {Fly rCorr Stlth+}.
   729 | D:1      | 729 ||| READING scroll labelled YDUNGE MECLEOH.
   730 | D:1      | 730 ||| DRINKING 2 dark potions.
   731 | D:1      | 731 ||| DROPPING scroll of butterflies.
   745 | D:2      | Noticed Terence
   764 | D:2      | Killed Terence
   765 | D:2      | Reached skill level 3 in Fighting
   876 | D:2      | Reached XP level 4. HP: 28/28 MP: 4/4
   877 | D:2      | Found a glowing silver altar of Zin.
   948 | D:2      | 948 ||| FLEEEEING.
   949 | D:2      | 949 ||| FLEEEEING.
  1036 | D:2      | 1036 ||| READING scroll of acquirement.
  1036 | D:2      | 1036 ||| ACQUIRING +1 shortbow of freezing
  1036 | D:2      | Acquired a +1 shortbow of freezing
  1038 | D:2      | 1038 ||| SWAPPING to +1 shortbow of freezing.
  1039 | D:2      | 1039 ||| DROPPING +0 shortbow.
  1041 | D:2      | Noticed Jessica
  1045 | D:2      | Killed Jessica
  1196 | D:2      | 1196 ||| READING scroll of enchant armour.
  1196 | D:2      | 1196 ||| ENCHANTING +0 helmet.
  1250 | D:2      | Reached XP level 5. HP: 32/32 MP: 5/5
  1344 | D:2      | Reached skill level 6 in Ranged Weapons
  1369 | D:2      | Reached skill level 1 in Armour
  1396 | D:2      | Noticed Natasha
  1401 | D:2      | Killed Natasha
  1585 | D:2      | 1585 ||| UPGRADING to +2 helmet.
  1595 | D:2      | 1595 ||| DROPPING +1 helmet.
  1596 | D:2      | 1596 ||| READING scroll labelled DOIRIUMIME.
  1597 | D:2      | 1597 ||| READING 3 scrolls labelled RETONE TANNEA.
  1598 | D:2      | 1598 ||| READING 3 scrolls of identify.
  1598 | D:2      | 1598 ||| IDENTIFYING clear potion
  1599 | D:2      | 1599 ||| READING 2 scrolls of identify.
  1599 | D:2      | 1599 ||| IDENTIFYING sapphire potion
  1600 | D:2      | 1600 ||| DROPPING 2 scrolls of blinking.
  1645 | D:3      | You are sucked into a shaft and drop 1 floor!
  1650 | D:4      | 1650 ||| READING scroll labelled VIASETHROMIO.
  1739 | D:3      | Noticed Ijyb
  1744 | D:3      | Killed Ijyb
  1745 | D:3      | Reached XP level 6. HP: 32/38 MP: 6/6
  1769 | D:3      | Found a burning altar of Makhleb.
  1773 | D:3      | Found a glowing silver altar of Zin.
  1773 | D:3      | Noticed an angel
  1773 | D:3      | Noticed an Executioner
  1842 | D:3      | Identified the +5 dagger "Obbodwef" {heavy, Str+3}
  2120 | D:3      | 2120 ||| READING scroll labelled BUOCOM EVAHICS.
  2121 | D:3      | 2121 ||| DRINKING 2 white potions.
  2122 | D:3      | 2122 ||| DROPPING potion of attraction.
  2186 | D:4      | Found a transporter.
  2191 | D:4      | Noticed an ice beast
  2191 | D:4      | Noticed an ice beast
  2192 | D:4      | Identified the +8 dagger "Vofiu" {heavy, rN+}
  2249 | D:4      | Found a glowing golden altar of the Shining One.
  2340 | D:4      | Found a shimmering altar of Xom.
  2484 | D:4      | Reached skill level 7 in Ranged Weapons
  2649 | D:4      | 2649 ||| Stepping ~*~*~tactically~*~*~ (outnumbered).
  2660 | D:4      | Reached XP level 7. HP: 18/43 MP: 7/7
  2872 | D:4      | Found a transporter.
  3025 | D:4      | 3025 ||| READING 2 scrolls of identify.
  3025 | D:4      | 3025 ||| IDENTIFYING silvery potion
  3026 | D:4      | 3026 ||| DROPPING potion of magic.
  3031 | D:5      | Entered Level 5 of the Dungeon
  3075 | D:5      | 3075 ||| Stepping ~*~*~tactically~*~*~ (outnumbered).
  3079 | D:5      | 3079 ||| Stepping ~*~*~tactically~*~*~ (outnumbered).
  3092 | D:5      | HP: 3/43 [orc priest/divine providence (15)]
  3093 | D:5      | 3093 ||| READING 2 scrolls of teleportation.
  3094 | D:5      | 3094 ||| DRINKING 3 potions of heal wounds.
  3303 | D:5      | Found a staircase to the Ecumenical Temple.
  3304 | D:5      | 3304 ||| PLANNING TEMPLE
  3304 | D:5      | 3304 ||| UPGRADING to +0 ring mail.
  3314 | D:5      | 3314 ||| DROPPING +0 leather armour.
  3315 | D:5      | 3315 ||| READING 2 scrolls of identify.
  3315 | D:5      | 3315 ||| IDENTIFYING purple potion
  3316 | D:5      | 3316 ||| DROPPING potion of lignification.
  3325 | Temple   | Entered the Ecumenical Temple
  3326 | Temple   | 3326 ||| PLANNING OKAWARU WORSHIP
  3338 | Temple   | Became a worshipper of Warmaster Okawaru
  3339 | Temple   | 3339 ||| PLANNING D:1-11
  3449 | D:5      | Reached skill level 8 in Ranged Weapons
  3484 | D:5      | 3484 ||| Stepping ~*~*~tactically~*~*~ (outnumbered).
  3507 | D:5      | Found a broken altar of Ashenzari.
  3509 | D:5      | 3509 ||| READING scroll labelled LAIGAL US WEFF.
  3564 | D:5      | Reached * piety under Okawaru
  3565 | D:5      | Reached XP level 8. HP: 49/49 MP: 8/8
  3582 | D:5      | 3582 ||| INVOKING Heroism.
  3591 | D:5      | Reached skill level 1 in Invocations
  3647 | D:5      | 3647 ||| INVOKING Heroism.
  3764 | D:5      | 3764 ||| INVOKING Heroism.
  3771 | D:5      | Reached skill level 9 in Ranged Weapons
  4190 | D:6      | 4190 ||| INVOKING Heroism.
  4333 | D:6      | Reached skill level 6 in Fighting
  4467 | D:6      | 4467 ||| INVOKING Heroism.
  4476 | D:6      | Reached skill level 3 in Invocations
  4515 | D:6      | 4515 ||| SWAPPING to +0 orcbow.
  4516 | D:6      | 4516 ||| DROPPING +1 shortbow of freezing.
  4651 | D:6      | Reached XP level 9. HP: 47/56 MP: 11/11
  4871 | D:6      | 4871 ||| UPGRADING to amulet of faith.
  4876 | D:6      | 4876 ||| DROPPING amulet of magic regeneration.
  4877 | D:6      | 4877 ||| UPGRADING to +4 ring of protection.
  4878 | D:6      | 4878 ||| DROPPING ring of wizardry.
  4879 | D:6      | 4879 ||| READING scroll labelled NAIGEO KUSEBUK.
  4908 | D:7      | 4908 ||| STAIRDANCE
  4917 | D:7      | Reached skill level 10 in Ranged Weapons
  4934 | D:7      | Noticed Jeremiah
  4941 | D:7      | 4941 ||| FLEEEEING.
  4965 | D:7      | 4965 ||| READING scroll labelled BUUS LYDODD.
  4966 | D:7      | 4966 ||| INVOKING Heroism.
  4974 | D:7      | Killed Jeremiah
  4974 | D:7      | Reached ** piety under Okawaru
  5060 | D:7      | 5060 ||| FLEEEEING.
  5061 | D:7      | 5061 ||| FLEEEEING.
  5062 | D:7      | 5062 ||| FLEEEEING.
  5063 | D:7      | 5063 ||| FLEEEEING.
  5064 | D:7      | 5064 ||| FLEEEEING.
  5065 | D:7      | 5065 ||| FLEEEEING.
  5068 | D:7      | 5068 ||| STAIRDANCE
  5135 | D:7      | Noticed Dowan
  5136 | D:7      | 5136 ||| INVOKING Heroism.
  5139 | D:7      | Noticed Duvessa
  5140 | D:7      | 5140 ||| Stepping ~*~*~tactically~*~*~ (retreating).
  5141 | D:7      | 5141 ||| Stepping ~*~*~tactically~*~*~ (retreating).
  5142 | D:7      | 5142 ||| Stepping ~*~*~tactically~*~*~ (retreating).
  5143 | D:7      | 5143 ||| Stepping ~*~*~tactically~*~*~ (retreating).
  5170 | D:7      | 5170 ||| INVOKING Heroism.
  5174 | D:7      | Killed Duvessa
  5181 | D:7      | Killed Dowan
  5289 | D:7      | Noticed a two-headed ogre
  5290 | D:7      | 5290 ||| INVOKING Heroism.
  5302 | D:7      | Killed a two-headed ogre
  5303 | D:7      | Reached skill level 11 in Ranged Weapons
  5465 | D:7      | 5465 ||| INVOKING Heroism.
  5508 | D:7      | Reached XP level 10. HP: 63/63 MP: 13/13
  5520 | D:7      | 5520 ||| RETREATING.
  5522 | D:7      | 5522 ||| Stepping ~*~*~tactically~*~*~ (retreating).
  5529 | D:7      | 5529 ||| INVOKING Heroism.
  5533 | D:7      | Reached skill level 3 in Dodging
  5544 | D:7      | Reached skill level 3 in Armour
  5548 | D:7      | 5548 ||| INVOKING Heroism.
  5720 | D:7      | 5720 ||| INVOKING Heroism.
  5753 | D:7      | Found a radiant altar of Vehumet.
  6113 | D:7      | 6113 ||| READING scroll labelled XIXUTS DASIMURR.
  6132 | D:8      | Noticed Erica
  6133 | D:8      | 6133 ||| INVOKING Heroism.
  6141 | D:8      | Killed Erica
  6142 | D:8      | Reached skill level 12 in Ranged Weapons
  6155 | D:8      | Reached *** piety under Okawaru
  6177 | D:8      | 6177 ||| RETREATING.
  6235 | D:8      | Found a staircase to the Lair.
  6290 | D:8      | 6290 ||| INVOKING Heroism.
  6338 | D:8      | 6338 ||| INVOKING Heroism.
  6350 | D:8      | Reached skill level 13 in Ranged Weapons
  6466 | D:8      | Noticed a kobold demonologist
  6472 | D:8      | Noticed a boulder beetle
  6472 | D:8      | 6472 ||| INVOKING Heroism.
  6486 | D:8      | 6486 ||| Stepping ~*~*~tactically~*~*~ (retreating).
  6497 | D:8      | Killed a kobold demonologist
  6619 | D:8      | Reached skill level 9 in Fighting
  6695 | D:8      | 6695 ||| INVOKING Heroism.
  6712 | D:8      | 6712 ||| STAIRDANCE
  6847 | D:7      | 6847 ||| READING 4 scrolls of identify.
  6847 | D:7      | 6847 ||| IDENTIFYING black potion
  6848 | D:7      | 6848 ||| READING 3 scrolls of identify.
  6848 | D:7      | 6848 ||| IDENTIFYING viscous puce potion
  6849 | D:7      | 6849 ||| READING 2 scrolls of identify.
  6849 | D:7      | 6849 ||| IDENTIFYING brown potion
  6850 | D:7      | 6850 ||| DROPPING potion of brilliance.
  6853 | D:8      | 6853 ||| INVOKING Heroism.
  6867 | D:8      | HP: 16/66 [boulder beetle (11)]
  6868 | D:8      | 6868 ||| READING 5 scrolls of teleportation.
  6869 | D:8      | 6869 ||| DRINKING 4 potions of heal wounds.
  7013 | D:8      | Found Zeaberph's Antique Weapon Shop.
  7025 | D:8      | 7025 ||| INVOKING Heroism.
  7046 | D:8      | 7046 ||| INVOKING Heroism.
  7055 | D:8      | Killed a boulder beetle
  7056 | D:8      | Reached XP level 11. HP: 43/71 MP: 12/14
  7368 | D:8      | 7368 ||| PLANNING LAIR
  7368 | D:8      | 7368 ||| UPGRADING to +5 ring of evasion.
  7370 | D:8      | 7370 ||| DROPPING ring of Puheps {Fly rCorr Stlth+}.
  7410 | Lair:1   | Entered Level 1 of the Lair of Beasts
  7704 | Lair:1   | 7704 ||| RETREATING.
  7708 | Lair:1   | 7708 ||| Stepping ~*~*~tactically~*~*~ (retreating).
  7709 | Lair:1   | 7709 ||| Stepping ~*~*~tactically~*~*~ (retreating).
  7710 | Lair:1   | 7710 ||| Stepping ~*~*~tactically~*~*~ (retreating).
  7711 | Lair:1   | 7711 ||| Stepping ~*~*~tactically~*~*~ (retreating).
  7712 | Lair:1   | 7712 ||| Stepping ~*~*~tactically~*~*~ (retreating).
  7713 | Lair:1   | 7713 ||| Stepping ~*~*~tactically~*~*~ (retreating).
  7725 | Lair:1   | 7725 ||| Stepping ~*~*~tactically~*~*~ (retreating).
  7726 | Lair:1   | 7726 ||| Stepping ~*~*~tactically~*~*~ (retreating).
  7727 | Lair:1   | 7727 ||| Stepping ~*~*~tactically~*~*~ (retreating).
  7729 | Lair:1   | Reached skill level 14 in Ranged Weapons
  7731 | Lair:1   | 7731 ||| INVOKING Heroism.
  7735 | Lair:1   | 7735 ||| Stepping ~*~*~tactically~*~*~ (retreating).
  7748 | Lair:1   | Reached **** piety under Okawaru
  7751 | Lair:1   | 7751 ||| INVOKING Heroism.
  7937 | Lair:1   | 7937 ||| INVOKING Heroism.
  8054 | Lair:1   | 8054 ||| INVOKING Heroism.
  8165 | Lair:1   | 8165 ||| RETREATING.
  8170 | Lair:1   | 8170 ||| Stepping ~*~*~tactically~*~*~ (retreating).
  8171 | Lair:1   | 8171 ||| Stepping ~*~*~tactically~*~*~ (retreating).
  8172 | Lair:1   | 8172 ||| Stepping ~*~*~tactically~*~*~ (retreating).
  8173 | Lair:1   | 8173 ||| Stepping ~*~*~tactically~*~*~ (retreating).
  8186 | Lair:1   | 8186 ||| INVOKING Heroism.
  8188 | Lair:1   | 8188 ||| FLEEEEING.
  8189 | Lair:1   | 8189 ||| FLEEEEING.
  8190 | Lair:1   | 8190 ||| FLEEEEING.
  8191 | Lair:1   | 8191 ||| FLEEEEING.
  8192 | Lair:1   | 8192 ||| FLEEEEING.
  8193 | Lair:1   | 8193 ||| FLEEEEING.
  8194 | Lair:1   | 8194 ||| FLEEEEING.
  8479 | Lair:1   | 8479 ||| INVOKING Heroism.
  8769 | Lair:1   | 8769 ||| DROPPING +6 ring of strength.
  8770 | Lair:1   | 8770 ||| READING 2 scrolls of identify.
  8770 | Lair:1   | 8770 ||| IDENTIFYING coppery potion
  8799 | Lair:2   | 8799 ||| INVOKING Heroism.
  8837 | Lair:2   | 8837 ||| INVOKING Heroism.
  8885 | Lair:2   | 8885 ||| INVOKING Heroism.
  8893 | Lair:2   | Reached skill level 6 in Invocations
  9125 | Lair:2   | Noticed a four-headed hydra
  9126 | Lair:2   | 9126 ||| INVOKING Heroism.
  9137 | Lair:2   | Killed a four-headed hydra
  9303 | Lair:2   | 9303 ||| INVOKING Heroism.
  9651 | Lair:2   | Noticed a six-headed hydra
  9652 | Lair:2   | 9652 ||| INVOKING Heroism.
  9665 | Lair:2   | HP: 16/72 [six-headed hydra (4)]
  9666 | Lair:2   | 9666 ||| READING 6 scrolls of teleportation.
  9667 | Lair:2   | 9667 ||| DRINKING 7 potions of heal wounds.
  9668 | Lair:2   | Killed a six-headed hydra
 10064 | Lair:2   | 10064 ||| UPGRADING to +0 pair of gloves.
 10069 | Lair:2   | 10069 ||| READING scroll of enchant armour.
 10069 | Lair:2   | 10069 ||| ENCHANTING +0 pair of gloves.
 10070 | Lair:2   | 10070 ||| DRINKING 2 smoky emerald potions.
 10071 | Lair:2   | 10071 ||| READING 2 scrolls of identify.
 10071 | Lair:2   | 10071 ||| IDENTIFYING ruby potion
 10072 | Lair:2   | 10072 ||| DROPPING potion of invisibility.
 10073 | Lair:2   | 10073 ||| DROPPING potion of berserk rage.
 10109 | Lair:3   | Found a staircase to the Snake Pit.
 10132 | Lair:3   | Reached XP level 12. HP: 59/77 MP: 17/17
 10228 | Lair:3   | 10228 ||| INVOKING Heroism.
 10246 | Lair:3   | HP: 11/77 [komodo dragon (14)]
 10247 | Lair:3   | 10247 ||| READING 5 scrolls of teleportation.
 10248 | Lair:3   | 10248 ||| DRINKING 6 potions of heal wounds.
 10490 | Lair:3   | 10490 ||| RETREATING.
 10504 | Lair:3   | 10504 ||| Stepping ~*~*~tactically~*~*~ (retreating).
 10524 | Lair:3   | 10524 ||| INVOKING Heroism.
 10658 | Lair:3   | 10658 ||| INVOKING Heroism.
 10898 | Lair:3   | 10898 ||| RETREATING.
 10899 | Lair:3   | 10899 ||| Stepping ~*~*~tactically~*~*~ (retreating).
 10900 | Lair:3   | 10900 ||| INVOKING Heroism.
 10902 | Lair:3   | 10902 ||| Stepping ~*~*~tactically~*~*~ (retreating).
 10903 | Lair:3   | 10903 ||| Stepping ~*~*~tactically~*~*~ (retreating).
 10958 | Lair:3   | Found a staircase to the Shoals.
 11022 | Lair:3   | 11022 ||| Stepping ~*~*~tactically~*~*~ (water).
 11063 | Lair:3   | You fall into a shaft and drop 1 floor!
 11083 | Lair:4   | 11083 ||| INVOKING Heroism.
 11109 | Lair:4   | 11109 ||| INVOKING Heroism.
 11111 | Lair:4   | 11111 ||| RETREATING.
 11117 | Lair:4   | Reached skill level 9 in Invocations
 11125 | Lair:4   | 11125 ||| Stepping ~*~*~tactically~*~*~ (retreating).
 11133 | Lair:4   | 11133 ||| Stepping ~*~*~tactically~*~*~ (retreating).
 11134 | Lair:4   | 11134 ||| RETREATING.
 11137 | Lair:4   | 11137 ||| Stepping ~*~*~tactically~*~*~ (retreating).
 11138 | Lair:4   | 11138 ||| RETREATING.
 11139 | Lair:4   | 11139 ||| INVOKING Heroism.
 11147 | Lair:4   | Reached skill level 15 in Ranged Weapons
 11156 | Lair:4   | 11156 ||| INVOKING Heroism.
 11237 | Lair:4   | 11237 ||| READING scroll labelled KAESKO YCVETSER.
 11272 | Lair:3   | Noticed a death yak
 11272 | Lair:3   | Noticed a death yak
 11273 | Lair:3   | 11273 ||| RETREATING.
 11277 | Lair:3   | Noticed a death yak
 11278 | Lair:3   | 11278 ||| RETREATING.
 11282 | Lair:3   | 11282 ||| INVOKING Heroism.
 11283 | Lair:3   | 11283 ||| RETREATING.
 11305 | Lair:3   | Killed a death yak
 11305 | Lair:3   | Reached ***** piety under Okawaru
 11306 | Lair:3   | 11306 ||| INVOKING Finesse.
 11314 | Lair:3   | HP: 14/77 [death yak (15)]
 11315 | Lair:3   | 11315 ||| READING 4 scrolls of teleportation.
 11316 | Lair:3   | 11316 ||| DRINKING 5 potions of heal wounds.
 11320 | Lair:3   | Killed a death yak
 11321 | Lair:3   | 11321 ||| FLEEEEING.
 11322 | Lair:3   | 11322 ||| FLEEEEING.
 11454 | Lair:3   | Noticed an eight-headed hydra
 11455 | Lair:3   | 11455 ||| INVOKING Heroism.
 11491 | Lair:3   | 11491 ||| INVOKING Heroism.
 11494 | Lair:3   | Killed an eight-headed hydra
 11743 | Lair:3   | 11743 ||| INVOKING Heroism.
 11763 | Lair:3   | Killed a death yak
 12062 | Lair:4   | Noticed an eight-headed hydra
 12063 | Lair:4   | 12063 ||| INVOKING Heroism.
 12073 | Lair:4   | HP: 16/77 [eight-headed hydra (6)]
 12073 | Lair:4   | HP: 4/77 [eight-headed hydra (12)]
 12074 | Lair:4   | 12074 ||| READING 3 scrolls of teleportation.
 12074 | Lair:4   | HP: 1/77 [eight-headed hydra (3)]
 12074 | Lair:4   | Slain by an eight-headed hydra

Levels and vault maps discovered:
D:1:      dpeg_arrival_more_subterranean_lakeside_camping, layout_basic
D:2:      layout_loops_cross, basic_altar, kennysheep_generic_room_6,
          uniq_terence, uniq_natasha, uniq_jessica
D:3:      layout_rooms, grunt_temple_overflow_order_and_chaos_2,
          minmay_surrounded, uniq_ijyb
D:4:      gammafunk_cloud_chamber, layout_loops_ring, old_standard_altar,
          mainiacjoe_overflow_paths, minmay_misc_feat_ornament
D:5:      layout_cave_pods, cheibrodos_ashenzari_chains,
          minmay_temple_entry_stoned_glass
D:6:      layout_loops_cross, hangedman_abyss_or_decor_stagger,
          minmay_misc_feat_cross
D:7:      minmay_inner_zag, layout_cave_pools, lemuel_doored_altar,
          uniq_jeremiah, uniq_duvessa
D:8:      minmay_distorted_concentric_squares, layout_rooms, lair_entry_dummy,
          serial_shops, nicolae_shop_back_alley_shop, uniq_erica
Temple:   regret_index_temple_sphere_string
Lair:1:   layout_loops_ring
Lair:2:   layout_cave_pods, lemuel_fruit_fields
Lair:3:   layout_regular_city, elwin_shoals_entry_rocks,
          guppyfry_snake_entry_garden, serial_bayou_shore_a
Lair:4:   layout_long_grid, slime_entry_1

Skill      XL: |  1  2  3  4  5  6  7  8  9 10 11 12 |
---------------+-------------------------------------+-----
Ranged Weapons | 5 6 7 8 9 11 13 14 15 | 15.2
Fighting       | 3 4 5 6 7 9 10 | 10.0
Armour         | 1 2 3 4 5 |  5.3
Dodging        | 2 3 4 |  4.0
Invocations    | 3 4 7 10 | 10.0
Stealth        | |  1.1

Action                     |  1- 3 |  4- 6 |  7- 9 | 10-12 || total
---------------------------+-------+-------+-------+-------++-------
   Fire: Shortbow          |   112 |   174 |   197 |       ||   483
         Orcbow            |       |       |   146 |   796 ||   942
 Invoke: Heroism           |       |       |    10 |    36 ||    46
         Finesse           |       |       |       |     1 ||     1
    Use: Scroll            |     5 |     8 |     6 |    13 ||    32
         Potion            |     1 |     1 |     1 |     5 ||     8
 Armour: Leather armour    |    32 |    40 |     9 |       ||    81
         Ring mail         |       |       |   109 |   388 ||   497
  Dodge: Dodged            |    47 |    23 |    89 |   407 ||   566

Table legend:
 A = Non-vault XP
 B = Vault XP
 C = Vault XP percentage of total XP
 D = Non-vault monster count
 E = Vault monster count
 F = Vault count percentage of total count
                 A         B        C        D         E       F
            +---------+---------+-------+---------+---------+-------
      Total |   22646 |    4697 |  17.2 |     212 |      35 |  14.2
            +---------+---------+-------+---------+---------+-------
        D:1 |      45 |       0 |   0.0 |      26 |       0 |   0.0
        D:2 |      91 |     130 |  58.8 |      16 |       6 |  27.3
        D:3 |      78 |      49 |  38.6 |      25 |       7 |  21.9
        D:4 |     269 |       0 |   0.0 |      14 |       0 |   0.0
        D:5 |    1016 |       0 |   0.0 |      26 |       0 |   0.0
        D:6 |    1026 |       0 |   0.0 |      22 |       0 |   0.0
        D:7 |    1779 |    1063 |  37.4 |      17 |      10 |  37.0
        D:8 |     719 |    2964 |  80.5 |      12 |       9 |  42.9
     Lair:1 |    4485 |       0 |   0.0 |      15 |       0 |   0.0
     Lair:2 |    4244 |       0 |   0.0 |      12 |       0 |   0.0
     Lair:3 |    7034 |     491 |   6.5 |      20 |       3 |  13.0
     Lair:4 |    1860 |       0 |   0.0 |       7 |       0 |   0.0
            +---------+---------+-------+---------+---------+-------
